Map: Neon Violet Square LE

Players

SamuraiFunn - Winner!

  • Race: Protoss Protoss
  • Spawn Location: 5:00

A.I. 1 (Very Hard)

  • Race: Terran Terran
  • Spawn Location: 11:00

VOD

Have the link to the VOD?

Description

Time

  • Played on: Nov. 23, 2017, 3:15 p.m.
  • Length: 9:30
Show
View Real Time Build Order
Export as new Build Order

SamuraiFunn Protoss - Winner!

Build Orders:  

Get SALT Encoding   

  12  0:00  Probe  
  13  0:13  Probe  
  14  0:26  Probe  
  15  0:40  Pylon  
  15  0:58  Probe  
  16  1:10  Gateway, Probe  
  17  1:11  Gateway  
  17  1:14  Pylon  
  17  1:22  Probe  
  18  1:35  Probe  
  19  1:55  Nexus  
  19  2:08  Zealot x2  
  23  2:15  Cybernetics Core  
  23  2:17  Probe  
  23  2:18  Assimilator  
  23  2:22  Assimilator  
  24  2:24  Pylon  
  24  2:37  Zealot x2  
  28  2:59  Probe  
  29  3:12  Probe  
  30  3:15  Probe  
  31  3:20  Zealot x2  
  31  3:23  Twilight Council  
  31  3:24  Probe  
  31  3:25  Pylon  
  36  3:47  Zealot x2  
  38  4:08  Warp Gate  
  38  4:14  Zealot  
  38  4:15  Zealot  
  42  4:20  Charge (Chrono Boost)  
  34  4:25  Gateway  
  34  4:26  Gateway  
  34  4:28  Probe  
  33  4:42  Zealot x2  
  37  5:00  Dark Shrine  
  37  5:04  Pylon  
  37  5:06  Probe x2  
  39  5:09  Zealot x2  
  43  5:20  Probe x2  
  45  5:22  Assimilator  
  45  5:26  Assimilator  
  43  5:32  Zealot x2  
  47  5:36  Zealot  
  49  5:55  Zealot  
  47  5:59  Zealot  
  49  6:15  Zealot  
  39  6:45  Zealot x2  
  43  6:57  Zealot x2  
  47  7:07  Gateway  
  47  7:10  Gateway  
  47  7:12  Gateway  
  47  7:16  Pylon  
  47  7:19  Pylon  
  47  7:29  Zealot x4  
  55  7:51  Dark Templar  
  55  7:52  Dark Templar x3  
  63  8:01  Gateway  
  63  8:03  Gateway  
  63  8:07  Pylon  
  63  8:09  Pylon  
  63  8:16  Dark Templar x3  
  69  8:24  Forge  
  69  8:25  Forge  
  69  8:27  Dark Templar  
  69  8:28  Pylon  
  69  9:10  Dark Templar  
  69  9:11  Dark Templar  
  69  9:14  Dark Templar  
Show
View Real Time Build Order
Export as new Build Order

A.I. 1 (Very Hard) Terran 

Build Orders:  

Get SALT Encoding   

  12  0:00  SCV  
  13  0:13  SCV  
  14  0:20  Supply Depot  
  14  0:25  SCV  
  15  0:41  SCV  
  16  0:43  Barracks  
  16  0:54  SCV  
  17  1:06  SCV  
  18  1:18  SCV  
  19  1:19  Supply Depot  
  19  1:22  Refinery  
  19  1:30  SCV, Marine  
  21  1:42  SCV  
  22  1:47  Marine  
  23  1:54  SCV, Barracks  
  23  1:58  Refinery  
  24  2:05  Marine  
  24  2:07  Supply Depot, Orbital Command  
  25  2:23  Marine  
  26  2:33  SCV  
  27  2:41  Marine  
  28  2:45  SCV  
  28  2:48  Command Center  
  29  3:05  SCV, Factory  
  30  3:08  Marine  
  30  3:11  Marine  
  32  3:17  SCV  
  33  3:26  Marine  
  34  3:29  SCV, Marine  
  35  3:41  SCV  
  35  3:44  Barracks Tech Lab  
  35  3:48  Barracks Tech Lab  
  36  3:51  Starport  
  36  3:53  SCV  
  36  3:54  Supply Depot  
  35  3:59  Orbital Command  
  35  4:02  Marine  
  31  4:03  Hellion  
  31  4:05  SCV  
  31  4:06  Marine  
  32  4:18  SCV  
  32  4:20  Marine  
  29  4:25  Hellion  
  29  4:26  SCV  
  29  4:30  SCV  
  31  4:38  SCV  
  32  4:39  Marine  
  32  4:40  Marine  
  32  4:42  SCV  
  34  4:51  SCV  
  35  4:57  Marine, Stimpack  
  35  4:58  Marauder  
  38  5:16  Marauder  
  38  5:19  Marine  
  41  5:32  Factory Tech Lab, Barracks  
  41  5:37  Marine  
  41  5:38  Marauder  
  41  5:42  Command Center  
  43  5:55  Marauder  
  43  5:56  Siege Tank  
  38  6:01  Marine  
  29  6:16  Marine  
  24  6:19  Marauder  
  24  6:22  SCV  
  17  6:28  Barracks Reactor  
  17  6:29  SCV  
  11  6:36  SCV  
  10  6:43  SCV  
  11  6:50  SCV  
  12  6:57  SCV  
  13  7:03  SCV  
  14  7:09  SCV  
  14  7:15  SCV  
  16  7:22  SCV  
  17  7:25  Marine  
  17  7:27  SCV  
  18  8:20  Marine  
  18  8:21  SCV x2, Marine, Marauder, Starport Tech Lab  
  23  8:39  Raven  
  9  9:05  SCV x2  
  5  9:17  SCV x2  
Tags
 
Add a new tag
Caveats
  • Supply blocks, unpowered buildings, or Contaminate may cause inaccurate times.
  • Supply counts are checked every 10 seconds.